 Dungeon Crawl Stone Soup version 0.30.0-29-ga12c61a403 (webtiles) character file.

Game seed: 7219177534760570870

20461 seaoflcl the Spear-Bearer (level 12, -3/106 HPs)
             Began as a Minotaur Fighter on June 10, 2023.
             Was a High Priest of Okawaru.
             Hit by a large rock thrown by a stone giant (8 damage)
             ... in a volcano.
             The game lasted 00:30:13 (15690 turns).

seaoflcl the Spear-Bearer (Minotaur Fighter)       Turns: 15690, Time: 00:30:13

Health: -3/106     AC: 19    Str: 26    XL:     12   Next: 45%
Magic:  11/11      EV:  6    Int:  5    God:    Okawaru [*****.]
Gold:   1187       SH: 15    Dex: 10    Spells: 11/11 levels left

rFire   + + .        q - +4 falchion (freeze)
rCold   x . .        N - +0 tower shield
rNeg    . . .        K - +0 plate armour
rPois   .            a - +1 hat
rElec   .            e - +0 cloak
rCorr   .            A - +0 pair of gloves
SInv    .            s - +0 pair of boots
Will    .....        (no amulet) Stlth
                     F - ring of fire
HPRegen 0.37/turn    E - ring of protection from fire
MPRegen 0.12/turn

%: no passive effects
@: mighty, hasted, very quick
A: horns 2, retaliatory headbutt
a: Renounce Religion, Heroism, Finesse, Duel


You were in a volcano.
You worshipped Okawaru.
Okawaru was extremely pleased with you.
You visited 3 branches of the dungeon, and saw 14 of its levels.
You also visited: Bailey and Volcano.

You collected 1432 gold pieces.
You spent 245 gold pieces at shops.

Inventory:

Hand Weapons
 f - a +2 spear of flaming
 k - the +5 spear "Jellybane" {heavy, rN+ Dex+3}
   (You found it on level 8 of the Dungeon)

   Dex:       It affects your dexterity (+3).
   rN:        It protects you from negative energy.
 q - a +4 falchion of freezing (weapon)
 R - a +2 scimitar of flaming
 T - the +1 spear "Mutiamad" {pain, Drain +Blink Will++ SInv}
   (You found it on level 10 of the Dungeon)

   SInv:      It lets you see invisible.
   +Blink:    It lets you blink.
   Drain:     It drains your maximum health when unequipped.
   Will:      It greatly increases your willpower.
 Y - a +1 demon trident of electrocution
Missiles
 h - 5 silver javelins
 w - 3 boomerangs
 H - 5 throwing nets
 I - 11 poisoned darts
 S - 8 atropa-tipped darts
 U - 3 javelins (quivered)
 Z - 3 boomerangs of dispersal
Armour
 a - a +1 hat (worn)
 e - a +0 cloak (worn)
 s - a +0 pair of boots (worn)
 A - a +0 pair of gloves (worn)
 K - a +0 plate armour (worn)
 N - a +0 tower shield (worn)
Jewellery
 j - a +6 ring of dexterity
 C - an amulet of the acrobat
 E - a ring of protection from fire (right hand)
 F - a ring of fire (left hand)
 J - an amulet of faith
 Q - a ring of protection from cold
 V - a ring of magical power
Wands
 y - a wand of polymorph (10)
 G - a wand of flame (21)
 L - a wand of acid (7)
 M - a wand of mindburst (21)
Scrolls
 b - a scroll of vulnerability
 c - 2 scrolls of blinking
 l - 2 scrolls of poison
 o - 6 scrolls of teleportation
 r - 6 scrolls of magic mapping
 t - a scroll of enchant weapon
 x - 4 scrolls of enchant armour
 D - 2 scrolls of fear
 W - 2 scrolls of immolation
Potions
 g - 2 potions of haste
 i - 6 potions of lignification
 m - 2 potions of cancellation
 n - 3 potions of curing
 p - 2 potions of invisibility
 u - 5 potions of ambrosia
Miscellaneous
 v - a condenser vane
 z - a lightning rod (4/4)


   Skills:
 + Level 10.0 Fighting
 + Level 5.9 Long Blades
 - Level 3.0(8.8) Axes
 * Level 12.8(13.0) Polearms
 + Level 7.6 Throwing
 + Level 10.0 Armour
 + Level 2.4 Dodging
 + Level 10.0 Shields
 + Level 6.5 Evocations


You had 11 spell levels left.
You didn't know any spells.
Your spell library contained the following spells:

 Spells                   Type           Power      Damage    Failure   Level
 Ensorcelled Hibernation  Hex/Ice        0%         N/A       100%        2
 Passwall                 Tmut/Erth      0%         N/A       100%        2
 Inner Flame              Hex/Fire       0%         N/A       100%        3
 Swiftness                Air            0%         N/A       100%        3
 Flame Wave               Conj/Fire      0%         2d4       100%        4
 Sticky Flame             Conj/Fire      0%         2d3       100%        4


Dungeon Overview and Level Annotations

Branches:
Dungeon (10/15)            Temple (1/1) D:6            Lair (3/5) D:9
 Spider (0/4) Lair:2          Orc (0/2) D:9          Bailey (visited)
Volcano (1/1)
  Swamp: Lair:2-3    Shoals: Lair:2-3

Altars:
Ashenzari
Cheibriados
Dithmenos
Elyvilon
Fedhas
Gozag
Hepliaklqana
Kikubaaqudgha
Makhleb
Nemelex Xobeh
Okawaru
Qazlal
Ru
Sif Muna
Trog
Uskayaw
Vehumet
Wu Jian
Xom
Yredelemnul
Zin
The Shining One

Shops:
D:1 =   D:3 [[(**   D:8 *

Annotations:
D:4 2 transporters, Cheops's ghost, amateur AtEE
D:5 1 runed translucent door, Crazy Yiuf
D:8 2 runed translucent doors, epsilonplus's ghost, novice TeHu
Lair:1 exclusion: oklob plant


Innate Abilities, Weirdness & Mutations

You have a pair of horns on your head.
You reflexively headbutt those who attack you in melee.


Message History

You start resting.
You start to feel less resistant.
You start resting.
A stone giant opens the door.
A stone giant is nearby!
A stone giant is nearby!
The stone giant shouts!
The stone giant throws a large rock.
You block the large rock.
There is an open door here.
Things that are here:
a +1 flail of holy wrath; a +3 scimitar of flaming You see here 2 curare-tipped darts.
You start resting.
A stone giant is nearby!
A stone giant is nearby!
The stone giant throws a large rock.
You block the large rock.
There is an open door here.
Things that are here:
a +1 flail of holy wrath; a +3 scimitar of flaming Throw: 5 javelins
Press: ? - help, Q - select action, (/) - cycle Shift-Dir - straight line You can't see that place.
You can't see that place.
Okay, then.
Throw: 5 javelins
Press: ? - help, Q - select action, (/) - cycle Shift-Dir - straight line, f - stone giant
Aim: a stone giant, quivering large rocks (91% to hit)
You throw a javelin.
The javelin pierces through the stone giant but does no damage.
Throw: 4 javelins
Press: ? - help, Q - select action, (/) - cycle Shift-Dir - straight line, f/p - stone giant
Aim: a stone giant, quivering large rocks (91% to hit)
You throw a javelin.
The javelin pierces through the stone giant!
The stone giant is lightly wounded.
Your resistance to elements expires.
The stone giant throws a large rock.
The large rock hits you!!
* * * LOW HITPOINT WARNING * * *
The stone giant throws a large rock.
The large rock hits you!
You die...

§§§≈ §≈≈§≈§§ §§§§§≈ ☼○≈° §§§≈
§°≈≈ §§≈ ○≈§§ ≈≈≈ #############
≈≈ ..'.....C.. ≈≈ #.8_8.# §≈§
#.....# §≈≈ ###)### ≈≈§ #@# #.#
#.# § ≈ #.# §≈ §≈≈ #.# §≈≈ ≈≈..
#.# ≈≈≈§≈ ≈≈≈≈.########'#######
.§≈≈≈≈≈≈ §
≈≈≈≈....§§......§.......≈≈≈≈≈≈≈
§≈≈≈≈≈≈.§§≈.≈≈§≈§§§.≈.≈≈.≈≈≈§≈§§≈


You could see a stone giant.

Vanquished Creatures
  2 hydras (Lair:1)
  Erica (D:8)
  2 black mambas (Lair:1)
  2 torpor snails
  3 cane toads
  A gargoyle (Volcano)
  A komodo dragon (Lair:2)
  An efreet (Volcano)
  A polar bear (Lair:2)
  A queen bee (D:9)
  2 trolls
  Sigmund (D:3)
  2 wraiths
  A vampire (D:9)
  3 wyverns
  Grum (Bailey)
  2 fire bats (Volcano)
  2 fire elementals (Volcano)
  29 yaks
  3 basilisks
  2 steam dragons
  Eustachio (D:5)
  2 redbacks (Lair:2)
  A warg (D:9)
  Menkaure (D:7)
  An acid dragon (D:9)
  5 water moccasins
  6 orc warriors
  2 sky beasts
  An ice beast (D:8)
  An ogre (D:6)
  9 wolves
  3 centaurs
  A phantom (D:6)
  9 gnoll sergeants
  10 bullfrogs
  An earth elemental (Volcano)
  4 scorpions
  A jelly (D:6)
  8 wights
  31 killer bees
  An electric eel (D:10)
  5 howler monkeys
  4 lava snakes (Volcano)
  7 gnoll boudas (Bailey)
  8 orc priests
  3 hounds
  4 sleepcaps
  2 iguanas
  6 orc wizards
  22 gnolls
  5 adders
  A shadow imp (D:5)
  A white imp (D:8)
  3 worms
  5 dart slugs
  24 orcs
  3 ball pythons
  4 endoplasms
  2 giant cockroaches
  16 goblins
  10 hobgoblins
  5 kobolds
  3 quokkas
  3 bats (D:1)
  2 frilled lizards
  5 rats
315 creatures vanquished.

Vanquished Creatures (others)
  A hydra (Lair:2)
1 creature vanquished.

Grand Total: 316 creatures vanquished

Notes
Turn   | Place    | Note
-------+----------+-------------------------------------------
     0 | D:1      | seaoflcl the Minotaur Fighter began the quest for the Orb.
     0 | D:1      | Reached XP level 1. HP: 19/19 MP: 0/0
    38 | D:1      | Reached XP level 2. HP: 10/27 MP: 1/1
   310 | D:1      | Found Qiejid's One-of-a-Kind Rings.
   403 | D:1      | Reached XP level 3. HP: 33/33 MP: 2/2
   430 | D:1      | Found a faded altar of an unknown god.
   563 | D:1      | Reached skill level 1 in Polearms
   820 | D:2      | Identified the +1 leather armour of the Baker {Drain rElec
                  | rN+ rCorr}
   860 | D:2      | Reached XP level 4. HP: 40/40 MP: 3/3
  1067 | D:2      | Reached skill level 2 in Polearms
  1074 | D:2      | Reached skill level 1 in Throwing
  1228 | D:3      | Found Wepout's Assorted Antiques.
  1293 | D:3      | Noticed Sigmund
  1309 | D:3      | Killed Sigmund
  1310 | D:3      | Reached skill level 3 in Polearms
  1310 | D:3      | Reached XP level 5. HP: 41/47 MP: 4/4
  1387 | D:3      | Found Dunloroh's General Store.
  1479 | D:3      | Found Pyshiont's Weapon Shop.
  1527 | D:3      | Found Xoninneh's Armour Boutique.
  1540 | D:3      | Reached XP level 6. HP: 51/53 MP: 5/5
  1631 | D:3      | Found Fiyliy's Antique Armour Boutique.
  2091 | D:4      | You fall into a shaft and drop 1 floor!
  2091 | D:5      | Entered Level 5 of the Dungeon
  2095 | D:5      | Noticed Eustachio
  2114 | D:5      | Killed Eustachio
  2115 | D:5      | Reached skill level 5 in Fighting
  2115 | D:5      | Reached skill level 4 in Polearms
  2220 | D:5      | Reached skill level 5 in Armour
  2220 | D:5      | Reached skill level 5 in Shields
  2220 | D:5      | Reached skill level 1 in Evocations
  2220 | D:5      | Reached XP level 7. HP: 61/61 MP: 6/6
  2380 | D:5      | Reached skill level 5 in Polearms
  2485 | D:4      | Found a sparkling altar of Nemelex Xobeh.
  2532 | D:4      | Found a transporter.
  2532 | D:4      | Noticed Cheops's ghost (amateur AtEE)
  2533 | D:4      | Found a transporter.
  2611 | D:4      | Found a shimmering blue altar of Sif Muna.
  2618 | D:4      | Found a broken altar of Ashenzari.
  3152 | D:5      | Found a runed translucent door.
  3153 | D:5      | Noticed Crazy Yiuf
  3261 | D:5      | Found a blossoming altar of Fedhas.
  3513 | D:6      | Found a staircase to the Ecumenical Temple.
  3533 | Temple   | Entered the Ecumenical Temple
  3654 | Temple   | Became a worshipper of Warmaster Okawaru
  3696 | D:6      | Reached XP level 8. HP: 70/70 MP: 7/7
  3933 | D:6      | Reached skill level 6 in Polearms
  4135 | D:6      | Reached * piety under Okawaru
  4280 | D:6      | Found an opulent altar of Gozag.
  4715 | D:7      | Found a stormy altar of Qazlal.
  4783 | D:7      | Reached skill level 7 in Polearms
  5197 | D:7      | Noticed Menkaure
  5204 | D:7      | Killed Menkaure
  5204 | D:7      | Reached ** piety under Okawaru
  5205 | D:7      | Reached XP level 9. HP: 30/78 MP: 8/8
  5730 | D:9      | Reached skill level 8 in Polearms
  5955 | D:8      | Reached *** piety under Okawaru
  6237 | D:8      | Reached skill level 5 in Throwing
  6254 | D:8      | Identified the +5 spear "Jellybane" {heavy, rN+ Dex+3}
  6298 | D:8      | Found Dulutom's Fire Supplies.
  6481 | D:8      | Found a large runed translucent door.
  6481 | D:8      | Found a large runed translucent door.
  6483 | D:8      | Noticed epsilonplus's ghost (novice TeHu)
  6490 | D:8      | Reached skill level 9 in Polearms
  6724 | D:9      | Noticed Erica
  7126 | D:9      | Noticed a troll
  7133 | D:8      | Killed Erica
  7134 | D:8      | Reached XP level 10. HP: 80/88 MP: 9/9
  7135 | D:8      | Reached **** piety under Okawaru
  7669 | D:9      | Reached skill level 1 in Long Blades
  7669 | D:9      | Reached skill level 10 in Polearms
  7878 | D:9      | Found a staircase to the Orcish Mines.
  7951 | D:10     | Entered Level 10 of the Dungeon
  7966 | D:10     | Reached ***** piety under Okawaru
  7966 | D:10     | Received a gift from Okawaru
  7967 | D:10     | Reached skill level 5 in Evocations
  7973 | D:10     | HP: 4/90 [yak (8)]
  8282 | D:10     | Found a flagged portal.
  8286 | D:10     | Identified the +1 spear "Mutiamad" {pain, Drain +Blink
                  | Will++ SInv}
  8290 | Bailey   | Entered a bailey
  8498 | Bailey   | Noticed Grum
  8515 | Bailey   | HP: 3/90 [Grum/+1 spear (11)]
  8516 | Bailey   | Killed Grum
  8524 | Bailey   | Reached XP level 11. HP: 15/95 MP: 3/10
  9667 | D:9      | Reached skill level 11 in Polearms
 10119 | D:9      | Found a staircase to the Lair.
 10163 | D:9      | Received a gift from Okawaru
 10736 | D:10     | Found a glowing silver altar of Zin.
 11510 | Lair:1   | Entered Level 1 of the Lair of Beasts
 11811 | D:3      | Bought a scroll of identify for 50 gold pieces
 11832 | D:3      | Bought a +1 hat for 143 gold pieces
 11956 | D:3      | Bought a potion of brilliance for 52 gold pieces
 12225 | Lair:1   | Noticed an eight-headed hydra
 12238 | Lair:1   | Killed an eight-headed hydra
 12297 | Lair:1   | Found the +1 robe of Vines {NoPotionHeal Regen++++}
 12298 | Lair:1   | Noticed a six-headed hydra
 12298 | Lair:1   | Noticed an oklob plant
 12310 | Lair:1   | Killed a six-headed hydra
 12486 | Lair:1   | Reached skill level 12 in Polearms
 12577 | Lair:1   | Received a gift from Okawaru
 12787 | Lair:1   | Reached skill level 5 in Long Blades
 12837 | Lair:1   | Reached XP level 12. HP: 59/105 MP: 11/11
 13133 | Lair:1   | Received a gift from Okawaru
 13527 | Lair:2   | Reached skill level 1 in Dodging
 13923 | Lair:2   | Noticed a five-headed hydra
 13939 | Lair:2   | Received a gift from Okawaru
 13955 | Lair:2   | Killed a five-headed hydra
 14713 | Lair:2   | Found a hole to the Spider Nest.
 15040 | Lair:3   | Found a dark tunnel.
 15068 | Volcano  | Entered a volcano
 15627 | Volcano  | Found a radiant altar of Vehumet.
 15650 | Volcano  | Received a gift from Okawaru
 15657 | Volcano  | Reached skill level 10 in Fighting
 15677 | Volcano  | Reached skill level 10 in Armour
 15677 | Volcano  | Reached skill level 10 in Shields
 15684 | Volcano  | Noticed a stone giant
 15689 | Volcano  | HP: 4/106 [stone giant/large rock (23)]
 15690 | Volcano  | Hit by a large rock thrown by a stone giant

Illustrated notes

Levels and vault maps discovered:
D:1:      amcnicky_arrival_feature_with_door, layout_rooms,
          hellmonk_ecumenical_altar_zigzags, serial_glass, glass_columns_b,
          glass_columns_b, glass_columns_c, glass_columns_a, glass_columns_a,
          glass_columns_b, glass_columns_b, glass_columns_b, glass_columns_a,
          glass_columns_b, item_on_display_a, feat_on_display,
          nicolae_shop_unique_rings
D:2:      kennysheep_the_goblin_king, layout_rooms
D:3:      layout_rooms, serial_shops, shop, shop, shop,
          nicolae_shop_tiny_statue_garden, shop, chequers_avenue, uniq_sigmund
D:4:      layout_loops_ring, mainiacjoe_overflow_alcove_1,
          mainiacjoe_overflow_big_doors, gammafunk_ghost_smash
D:5:      layout_loops_ring, fedhas_altar_3, uniq_eustachio,
          uniq_crazy_yiuf_cottage
D:6:      layout_basic, mainiacjoe_overflow_six_doors_small,
          minmay_temple_entry_mini_moons
D:7:      layout_basic, mainiacjoe_overflow_24_doors, uniq_menkaure
D:8:      layout_rooms, ebering_ghost_disaster_area, nicolae_shop_fire_sale
          [nicolae_sub_dead_trees]
D:9:      layout_long_grid, grunt_lair_entry_orc_guard_hut, david_orc_3,
          special_room [special_room_bee], uniq_erica
D:10:     layout_long_grid, overflow_temple_1_default, enter_bailey_2,
          serial_bayou, serial_bayou_crossing, serial_bayou_pond_c,
          serial_bayou_pond_d, serial_bayou_shore_a
Temple:   hellmonk_temple_of_storms
Lair:1:   layout_roguey, st_stairs_13, hellmonk_guarded_unrand_vines
Lair:2:   layout_cave_pods, spider_nest_entry_webs, small_statue_intersection,
          grunt_megastairs_1
Lair:3:   layout_cellular_growth, elwin_shoals_entry_rooms,
          nicolae_volcano_entry_lava_flow, infiniplex_staircase_pool,
          grunt_megastairs_3
Volcano:  volcano_lake [vl_original]

Skill      XL: |  1  2  3  4  5  6  7  8  9 10 11 12 |
---------------+-------------------------------------+-----
Axes           | 3 |  3.0
Armour         | 4 5 6 7 8 9 10 | 10.0
Polearms       | 1 3 4 5 7 9 10 12 | 12.8
Shields        | 4 5 6 7 8 9 10 | 10.0
Fighting       | 4 5 6 7 8 9 10 | 10.0
Throwing       | 1 2 3 4 5 6 7 |  7.6
Evocations     | 1 2 3 4 5 6 |  6.5
Long Blades    | 2 5 |  5.9
Dodging        | 2 |  2.4

Action                     |  1- 3 |  4- 6 |  7- 9 | 10-12 || total
---------------------------+-------+-------+-------+-------++-------
  Melee: War axe           |    11 |       |       |       ||    11
         Headbutt          |     6 |    13 |    68 |   142 ||   229
         Spear             |    43 |    98 |   323 |   610 ||  1074
         Falchion          |       |       |       |    65 ||    65
  Throw: Javelin           |       |       |       |     8 ||     8
 Invoke: Heroism           |       |       |       |     4 ||     4
         Finesse           |       |       |       |     3 ||     3
    Use: Scroll            |       |       |    11 |    11 ||    22
         Potion            |       |       |     3 |    13 ||    16
 Armour: Scale mail        |    14 |    10 |       |       ||    24
         Chain mail        |       |    21 |    36 |       ||    57
         Plate armour      |       |       |   107 |   264 ||   371
  Dodge: Dodged            |    15 |    30 |    68 |   102 ||   215
  Block: Buckler           |     6 |    25 |    29 |       ||    60
         Tower shield      |       |       |   144 |   538 ||   682
